 Dungeon Crawl Stone Soup version 0.28-b1-25-g9875b3fc8c (webtiles) character file.

Game seed: 11346596004836783705

10098 inmateoo the Martial Artist (level 11, -4/127 HPs)
             Began as a Demonspawn Delver on Feb 6, 2022.
             Was an Elder of Hepliaklqana.
             Slain by a boulder beetle (5 damage)
             ... on level 11 of the Dungeon.
             The game lasted 00:08:57 (9923 turns).

inmateoo the Martial Artist (Demonspawn Delver)     Turns: 9923, Time: 00:08:57

Health: -4/127     AC: 25    Str: 16    XL:     11   Next: 31%
Magic:  11/11      EV:  2    Int: 11    God:    Hepliaklqana [****..]
Gold:   497        SH:  7    Dex: 16    Spells: 10/10 levels left

rFire   . . .      SeeInvis .     - Unarmed
rCold   . . .      Faith    .   B - +0 buckler
rNeg    . . .      Spirit   .   (armour currently unavailable)
rPois   +          Reflect  .   (helmet currently unavailable)
rElec   .          Harm     .   (cloak currently unavailable)
rCorr   .          Rampage  .   (gloves currently unavailable)
Will    .....      NoTele   +   (boots currently unavailable)
Stlth   +++.......              (no amulet)
HPRegen 0.31/turn               g - +4 ring of evasion
MPRegen 0.12/turn               p - ring of poison resistance

@: tree-form
A: stationary, stasis, torment immunity, boosted hp, reduced essence, (hooves
2), rugged brown scales 2, condensation shield, demonic magic 1
a: Renounce Religion, Recall Ancestor, Ancestor Identity, Transference, Idealise


You were on level 11 of the Dungeon.
You worshipped Hepliaklqana.
Hepliaklqana was greatly pleased with you.
You were a tree.
You visited 1 branch of the dungeon, and saw 11 of its levels.

You collected 657 gold pieces.
You spent 160 gold pieces at shops.

Inventory:

Hand Weapons
 m - the +7 spear "Wuleary" {drain, +Blink rF+ Str+4 Int+2}
   (You found it on level 10 of the Dungeon)

   A truly terrible weapon, it drains the life of any living foe it strikes.
   Str:       It affects your strength (+4).
   Int:       It affects your intelligence (+2).
   rF:        It protects you from fire.
   +Blink:    It lets you blink.
 n - the +9 dagger "Siked" {venom, rN+ Str+2}
   (You found it on level 2 of the Dungeon)

   It poisons the flesh of those it strikes.
   Str:       It affects your strength (+2).
   rN:        It protects you from negative energy.
Missiles
 a - 6 curare-tipped darts (quivered)
 v - a throwing net
Armour
 q - a +0 helmet (melded)
 t - +0 acid dragon scales (melded)
 w - a +2 pair of boots (melded)
 z - a +1 cloak (melded)
 A - a +0 pair of gloves of hurling (melded)
 B - a +0 buckler (worn)
Jewellery
 g - a +4 ring of evasion (left branch)
 p - a ring of poison resistance (right branch)
 u - a ring of flight
 C - a ring of resist corrosion
 G - a ring of fire
Wands
 c - a wand of charming (3)
 f - a wand of digging (3)
 E - a wand of acid (12)
 H - a wand of paralysis (5)
Scrolls
 b - a scroll of fog
 d - a scroll of fear
 k - a scroll of amnesia
 r - a scroll of enchant armour
 y - a scroll of magic mapping
 D - a scroll of vulnerability
 I - a scroll of silence
Potions
 e - 2 potions of haste
 h - 4 potions of ambrosia
 i - 2 potions of degeneration
 j - a potion of resistance
 l - 3 potions of attraction
 s - 3 potions of mutation
 x - 2 potions of curing


   Skills:
 - Level 10.0 Fighting
 - Level 5.0 Armour
 - Level 5.0 Dodging
 - Level 4.5 Stealth
 + Level 12.2 Unarmed Combat


You had 10 spell levels left.
You didn't know any spells.
Your spell library contained the following spells:

 Spells                   Type           Power      Damage    Failure   Level
 Animate Skeleton         Necr           0%         N/A       43%         1
 Freeze                   Ice            0%         1d3       43%         1
 Pain                     Necr           0%         1d4       43%         1
 Blink                    Tloc           0%         N/A       58%         2
 Sublimation of Blood     Necr           0%         N/A       58%         2
 Wereblood                Tmut           0%         N/A       58%         2
 Frozen Ramparts          Ice            0%         1d2       82%         3
 Gell's Gravitas          Tloc           0%         N/A       82%         3
 Lesser Beckoning         Tloc           0%         N/A       82%         3
 Summon Guardian Golem    Hex/Summ       0%         N/A       82%         3
 Teleport Other           Tloc           0%         N/A       82%         3
 Vampiric Draining        Necr           0%         2d6       82%         3
 Hailstorm                Conj/Ice       0%         3d3       99%         4
 Petrify                  Tmut/Erth      0%         N/A       99%         4
 Alistair's Intoxication  Tmut/Pois      0%         N/A       100%        5
 Borgnjor's Vile Clutch   Necr/Erth      0%         N/A       100%        5
 Manifold Assault         Tloc           0%         N/A       100%        5
 Metabolic Englaciation   Hex/Ice        0%         N/A       100%        5
 Eringya's Noxious Bog    Tmut/Pois      0%         N/A       100%        6
 Statue Form              Tmut/Erth      0%         N/A       100%        6
 Orb of Destruction       Conj           0%         9d5       100%        7
 Spellforged Servitor     Conj/Summ      0%         N/A       100%        7
 Summon Hydra             Summ           0%         N/A       100%        7


Dungeon Overview and Level Annotations

Branches:
Dungeon (11/15)            Temple (0/1) D:6            Lair (0/6) D:9
    Orc: D:9-12

Altars:
Ashenzari
Dithmenos
Elyvilon
Gozag
Hepliaklqana
Makhleb
Okawaru
Qazlal
Ru
Vehumet
Xom
Yredelemnul
Zin

Shops:
D:6 [   D:10 [


Innate Abilities, Weirdness & Mutations

You are a tree.
Your roots penetrate the ground, keeping you stationary.
You cannot be teleported.
You are immune to unholy pain and torment.
Your maximum health is greatly increased.
Your equipment is partially melded.
Your life essence is reduced to manifest your ancestor. (-10% HP)
((You have hoof-like feet.))
(You are mostly covered in rugged brown scales. (AC +2, +5% HP))
A meltable shield of frost defends you. (SH +4)
Spells you cast may paralyse adjacent enemies.


Message History

Your +0 helmet melds into your body.
Your +0 pair of gloves of hurling melds into your body.
Your +2 pair of boots melds into your body.
Your +0 acid dragon scales melds into your body.
Your aim is not that steady anymore.
Your roots penetrate the ground.
The boulder beetle bites you but does no damage.
Servius hits the boulder beetle with a +0 quarterstaff!!
The +9 dagger "Siked" {venom, rN+ Str+2} stops dripping with poison.
You are now empty-handed.
You hit the boulder beetle but do no damage.
The boulder beetle is moderately wounded.
The boulder beetle bites you but does no damage.
Servius hits the boulder beetle but does no damage.
You hit the boulder beetle but do no damage.
The boulder beetle is moderately wounded.
The boulder beetle bites you!
* * * LOW HITPOINT WARNING * * *
Servius gestures at the boulder beetle while chanting.
The puff of frost hits the boulder beetle.
You catch the helpless boulder beetle completely off-guard!
You hit the boulder beetle but do no damage.
The boulder beetle is moderately wounded.
The boulder beetle bites you!
* * * LOW HITPOINT WARNING * * *
Servius completely misses the boulder beetle.
You hit the boulder beetle but do no damage.
The boulder beetle is moderately wounded.
You block the boulder beetle's attack.
Servius hits the boulder beetle with a +0 quarterstaff!
You hit the boulder beetle but do no damage.
The boulder beetle is moderately wounded.
You hit the boulder beetle.
The boulder beetle is moderately wounded.
The boulder beetle bites you!
* * * LOW HITPOINT WARNING * * *
Servius hits the boulder beetle but does no damage.
You hit the boulder beetle but do no damage.
The boulder beetle is moderately wounded.
The boulder beetle bites you.
You die...

#. .# #'######### .#
..........# #.#
..........# ###.##
..........######....####
..........#.........#...
..........'.####......##
.......♣B.### #....###
.......)R.# #....#
..........# #....#
######.#### ###.## #.
###..# #. #...## #.
#.### #. ##'######
#.......#


You could see the friendly Servius the battlemage and a boulder beetle (ally
target).

Vanquished Creatures
  2 two-headed ogres
  A queen bee (D:10)
  A hornet (D:9)
  Grinder (D:4)
  A wraith (D:10)
  2 shadows (D:10)
  A yak (D:10)
  A wyvern (D:8)
  A basilisk (D:8)
  5 water moccasins
  An acid dragon (D:10)
  4 black bears
  2 orc warriors (D:9)
  2 ice beasts
  A sky beast (D:5)
  4 centaurs
  An ogre (D:6)
  2 phantoms
  A bullfrog (D:8)
  A scorpion (D:5)
  21 killer bees
  2 wights (D:9)
  2 bullfrog zombies (D:6)
  2 centaur zombies
  2 hounds
  A jelly (D:6)
  2 gnoll shamans
  4 orc priests
  A bullfrog skeleton (D:5)
  An iguana (D:5)
  An orc wizard (D:9)
  A howler monkey zombie (D:7)
  Robin (D:4)
  5 gnolls
  7 adders
  A white imp (D:7)
  2 ufetubi (D:5)
  3 worms
  2 dart slugs
  3 orcs
  5 endoplasms
  4 giant cockroaches
  12 goblins
  10 hobgoblins
  5 jackals
  4 ball pythons
  4 bats
  10 frilled lizards
  A kobold (D:1)
  A rat (D:2)
155 creatures vanquished.

Vanquished Creatures (collateral kills)
  A two-headed ogre (D:11)
  A centaur warrior (D:11)
  4 yaks (D:10)
  2 basilisks (D:9)
  A wyvern (D:9)
  A vampire (D:11)
  An acid dragon (D:11)
  A water moccasin (D:7)
  A hornet zombie (D:9)
  A sky beast (D:7)
  2 wolves
  A centaur (D:10)
  A bullfrog (D:7)
  6 killer bees (D:10)
  6 wights (D:9)
  A centaur skeleton (D:6)
  An iguana (D:6)
  A killer bee zombie (D:6)
  3 howler monkey zombies
  6 gnolls
  A shadow imp (D:6)
  A white imp (D:7)
  4 orcs
48 creatures vanquished.

Vanquished Creatures (others)
  5 battlemagi
  5 plants
10 creatures vanquished.

Grand Total: 213 creatures vanquished

Notes
Turn   | Place    | Note
-------+----------+-------------------------------------------
     0 | D:5      | inmateoo the Demonspawn Delver began the quest for the Orb.
     0 | D:5      | Reached XP level 1. HP: 18/18 MP: 1/1
    57 | D:4      | Found a broken altar of Ashenzari.
    60 | D:3      | Noticed a phantom
   137 | D:4      | Reached skill level 2 in Unarmed Combat
   137 | D:4      | Gained mutation: You have large cloven feet. [demonic
                  | ancestry]
   137 | D:4      | Reached XP level 2. HP: 10/24 MP: 2/2
   971 | D:2      | Reached XP level 3. HP: 29/29 MP: 3/3
  1257 | D:2      | Identified the +9 dagger "Siked" {venom, rN+ Str+2}
  1826 | D:3      | Killed a phantom
  1827 | D:3      | Reached skill level 3 in Unarmed Combat
  1827 | D:3      | Gained mutation: You are partially covered in rugged brown
                  | scales. (AC +1, +3% HP) [demonic ancestry]
  1827 | D:3      | Reached XP level 4. HP: 31/39 MP: 4/4
  2028 | D:3      | Gained mutation: You are mostly covered in rugged brown
                  | scales. (AC +2, +5% HP) [demonic ancestry]
  2028 | D:3      | Reached XP level 5. HP: 38/45 MP: 5/5
  2096 | D:3      | Found an iron altar of Okawaru.
  2387 | D:4      | Noticed Grinder
  2405 | D:4      | Killed Grinder
  2406 | D:4      | Reached skill level 5 in Fighting
  2406 | D:4      | Reached skill level 5 in Unarmed Combat
  2406 | D:4      | Reached XP level 6. HP: 42/53 MP: 6/6
  2482 | D:4      | Noticed Robin
  2488 | D:4      | Killed Robin
  2582 | D:4      | Noticed an ice beast
  2591 | D:4      | Killed an ice beast
  2731 | D:4      | Found a basalt altar of Yredelemnul.
  3116 | D:5      | Reached skill level 6 in Unarmed Combat
  3116 | D:5      | Reached XP level 7. HP: 53/58 MP: 7/7
  3138 | D:5      | Found a hazy altar of Hepliaklqana.
  3145 | D:5      | Found an opulent altar of Gozag.
  3163 | D:5      | Became a worshipper of Hepliaklqana the Forgotten
  3325 | D:5      | Found a shimmering altar of Xom.
  3325 | D:5      | Noticed an angel
  3467 | D:5      | Reached skill level 7 in Unarmed Combat
  3714 | D:5      | Reached skill level 8 in Unarmed Combat
  3714 | D:5      | Gained mutation: A meltable shield of frost defends you.
                  | (SH +4) [demonic ancestry]
  3714 | D:5      | Reached XP level 8. HP: 51/65 MP: 8/8
  3849 | D:5      | Found a radiant altar of Vehumet.
  3987 | D:6      | Reached * piety under Hepliaklqana
  3992 | D:6      | Found a sacrificial altar of Ru.
  4033 | D:6      | Reached skill level 1 in Armour
  4043 | D:6      | Found a staircase to the Ecumenical Temple.
  4188 | D:6      | Found Erakh's Armour Boutique.
  4206 | D:6      | Bought a +0 cloak for 45 gold pieces
  4206 | D:6      | Bought a +0 pair of gloves of hurling for 115 gold pieces
  4261 | D:6      | Found a stormy altar of Qazlal.
  4447 | D:6      | Reached ** piety under Hepliaklqana
  4448 | D:6      | Remembered your ancestor Servius as a battlemage
  4987 | D:7      | Found a burning altar of Makhleb.
  5154 | D:7      | Reached XP level 9. HP: 50/65 MP: 9/9
  6066 | D:8      | Reached *** piety under Hepliaklqana
  6510 | D:9      | Reached skill level 9 in Unarmed Combat
  6765 | D:9      | Found a staircase to the Lair.
  6872 | D:8      | Reached skill level 5 in Dodging
  7221 | D:9      | Gained mutation: Spells you cast may paralyse adjacent
                  | enemies. [demonic ancestry]
  7221 | D:9      | Reached XP level 10. HP: 75/75 MP: 10/10
  7227 | D:9      | Reached skill level 5 in Armour
  7369 | D:9      | Noticed a two-headed ogre
  7377 | D:9      | Killed a two-headed ogre
  7378 | D:9      | Reached skill level 10 in Unarmed Combat
  7806 | D:10     | Entered Level 10 of the Dungeon
  7867 | D:10     | Identified the +7 spear "Wuleary" {drain, +Blink rF+ Str+4
                  | Int+2}
  7930 | D:10     | Noticed a two-headed ogre
  7936 | D:10     | Killed a two-headed ogre
  8272 | D:10     | Reached skill level 11 in Unarmed Combat
  8541 | D:10     | Gained mutation: You have hoof-like feet. [demonic
                  | ancestry]
  8541 | D:10     | Reached XP level 11. HP: 63/85 MP: 11/11
  8551 | D:10     | Reached skill level 10 in Fighting
  8759 | D:10     | Found Pux Fya's Armour Boutique.
  8799 | D:10     | Reached **** piety under Hepliaklqana
  8805 | D:10     | Found a shadowy altar of Dithmenos.
  9187 | D:11     | Noticed a two-headed ogre
  9193 | D:11     | Killed a two-headed ogre
  9441 | D:11     | Reached skill level 12 in Unarmed Combat
  9565 | D:11     | Noticed a centaur warrior
  9565 | D:11     | Noticed a white ugly thing
  9908 | D:11     | Noticed a boulder beetle
  9914 | D:11     | Killed a centaur warrior
  9922 | D:11     | HP: 1/127 [boulder beetle (8)]
  9923 | D:11     | Slain by a boulder beetle

Illustrated notes

Levels and vault maps discovered:
D:1:      minmay_arrival_five_plusses, layout_basic
D:2:      layout_basic, serial_curves, eino_curves_02, eino_curves_01,
          eino_curves_03, eino_curves_03, serial_bayou_pond_e,
          minmay_lizard_king
D:3:      layout_basic, lemuel_round_altar, kennysheep_generic_room_13
D:4:      layout_loops_ring, mainiacjoe_overflow_six_doors_small,
          cheibrodos_ashenzari_chains,
          mainiacjoe_overflow_concentric_impassable, uniq_grinder, uniq_robin
D:5:      layout_cave_pods, grunt_temple_overflow_order_and_chaos_1,
          nicolae_gozag_seed_capital, general_overflow_altar,
          nicolae_vehumet_altar_sigil
D:6:      layout_basic, kennysheep_mini, hangedman_ru_absence,
          minmay_temple_entry_junction, serial_shops, shop, minmay_liquid_box,
          st_stairs_10
D:7:      layout_cave_pools, makhleb_heckhound_becter
D:8:      layout_loops_corners, item_on_display_a
D:9:      layout_irregular_city, minmay_lair_entry_grove
D:10:     layout_roguey [special_room_bee], mainiacjoe_overflow_brackets,
          serial_curves, eino_curves_03, eino_curves_04, serial_shops,
          nicolae_take_the_stairs
D:11:     layout_roguey, orc_0_dummy, kb_rosetta

Skill      XL: |  1  2  3  4  5  6  7  8  9 10 11 |
---------------+----------------------------------+-----
Unarmed Combat | 2 3 5 6 8 9 11 12 | 12.2
Fighting       | 4 5 6 7 9 10 | 10.0
Dodging        | 3 5 |  5.0
Armour         | 3 4 5 |  5.0
Stealth        | |  4.5

Action                   |  1- 3 |  4- 6 |  7- 9 | 10-12 || total
-------------------------+-------+-------+-------+-------++-------
Melee: Unarmed           |   100 |       |       |     7 ||   107
       Kick              |    22 |    17 |     8 |       ||    47
       Dagger            |    22 |    85 |   254 |   196 ||   557
       Punch             |     2 |     4 |     2 |       ||     8
Invok: Ancestor Life: Ba |       |       |     1 |       ||     1
       Recall Ancestor   |       |       |       |     1 ||     1
Evoke: Wand              |     1 |     2 |       |       ||     3
  Use: Scroll            |     2 |       |     9 |     6 ||    17
       Potion            |       |       |       |     1 ||     1
 Stab: Sleeping          |     1 |       |       |       ||     1
       Distracted        |       |       |     1 |     4 ||     5
Armor: Chain mail        |    62 |    35 |   174 |    38 ||   309
       Acid dragon scale |       |       |       |    39 ||    39
       Skin              |       |       |       |     2 ||     2
Dodge: Dodged            |    62 |    56 |   164 |   154 ||   436
Block: Buckler           |       |       |    92 |    90 ||   182
       Other             |       |       |     6 |       ||     6
